 Dungeon Crawl Stone Soup version 0.27.1 (webtiles) character file.

Game seed: 1141021223665666793

2418 hawla the Thaumaturge (level 9, -13/48 HPs)
             Began as a Deep Elf Conjurer on Aug 30, 2021.
             Killed from afar by an efreet (30 damage)
             ... with a bolt of fire
             ... on level 9 of the Dungeon.
             The game lasted 00:24:27 (9937 turns).

hawla the Thaumaturge (Deep Elf Conjurer)           Turns: 9937, Time: 00:24:27

Health: -13/48     AC:  5    Str: 10    XL:     9   Next: 24%
Magic:  10/25      EV: 13    Int: 27    God:
Gold:   334        SH:  4    Dex: 13    Spells: 17/28 levels left

rFire    . . .     SeeInvis .   c - staff of death
rCold    . . .     Faith    .   f - +0 buckler
rNeg     + . .     Spirit   .   a - +0 robe
rPois    .         Reflect  .   (no helmet)
rElec    .         Harm     .   k - +0 cloak
rCorr    .         Rampage  .   w - +0 pair of gloves
Will     .....                  p - +0 pair of boots
Stlth    ++........             (no amulet)
HPRegen  0.16/turn              h - +6 ring of strength
MPRegen  0.19/turn              d - +4 ring of slaying

@: radiating poison
A: no striking features
a: no special abilities


You were on level 9 of the Dungeon.
You visited 2 branches of the dungeon, and saw 10 of its levels.

You collected 334 gold pieces.

Inventory:

Missiles
 n - 3 boomerangs
 u - 48 poisoned darts
Armour
 a - a +0 robe (worn)
 f - a +0 buckler (worn)
 k - a +0 cloak (worn)
 p - a +0 pair of boots (worn)
 w - a +0 pair of gloves (worn)
Magical Staves
 c - a staff of death (weapon)
Jewellery
 d - a +4 ring of slaying (right hand)
 h - a +6 ring of strength (left hand)
 l - a ring of ice
Wands
 i - a wand of iceblast (7)
 o - a wand of polymorph (13)
Scrolls
 g - 3 scrolls of amnesia
 t - a scroll of identify
 x - 2 scrolls of fog
Potions
 b - a potion of brilliance
 e - a potion of might {unknown}
 j - a potion of curing
 m - a potion of resistance
 r - a potion of mutation {unknown}
 s - 2 potions of cancellation
 z - a potion of lignification


   Skills:
 + Level 1.7 Fighting
 + Level 2.2 Staves
 + Level 0.1 Throwing
 + Level 4.1 Dodging
 + Level 4.0 Stealth
 + Level 3.0 Shields
 + Level 10.2 Spellcasting
 + Level 6.9 Conjurations
 + Level 1.0 Necromancy
 + Level 2.2 Translocations
 + Level 5.1 Poison Magic
 + Level 1.0 Evocations


You had 17 spell levels left.
You knew the following spells:

 Your Spells              Type           Power      Damage    Failure   Level
a - Magic Dart            Conj           100%       1d8       1%          1
b - Searing Ray           Conj           100%       3d7       1%          2
c - Iskenderun's Mystic   Conj/Tloc      38%        2d9       7%          4
d - Olgreb's Toxic Radia  Pois           41%        N/A       5%          4

Your spell library contained the following spells:

 Spells                   Type           Power      Damage    Failure   Level
 Apportation              Tloc           50%        N/A       1%          1
 Sting                    Tmut/Pois      100%       1d8       1%          1
 Poisonous Vapours        Pois/Air       54%        N/A       2%          2
 Mephitic Cloud           Conj/Pois/Air  35%        N/A       2%          3
 Dazzling Flash           Conj/Hex       64%        N/A       3%          3
 Freeze                   Ice            52%        1d7       4%          1
 Corpse Rot               Necr/Air       N/A        N/A       6%          2
 Call Imp                 Summ           13%        N/A       7%          2
 Fulminant Prism          Conj/Hex       16%        3d11      11%         4
 Hailstorm                Conj/Ice       32%        3d8       11%         4
 Frozen Ramparts          Ice            26%        1d4       14%         3
 Alistair's Intoxication  Tmut/Pois      18%        N/A       41%         5
 Freezing Cloud           Conj/Ice/Air   13%        6-21      45%         5
 Invisibility             Hex            6%         N/A       100%        6


Dungeon Overview and Level Annotations

Branches:
Dungeon (10/15)            Temple (1/1) D:5
   Lair: D:8-11         Orc: D:9-12

Altars:
Cheibriados
Dithmenos
Fedhas
Gozag
Kikubaaqudgha
Makhleb
Nemelex Xobeh
Okawaru
Qazlal
Ru
Uskayaw
Vehumet
Wu Jian
Xom
Yredelemnul
Zin
The Shining One

Shops:
D:2 =   D:10 ?


Message History

The fireball explodes!
The fireball engulfs you!!
The fireball engulfs the efreet.
The efreet completely resists.
You hear a shout!
Your Shields skill increases to level 3!
Casting: Iskenderun's Mystic Blast (dangerous; 8% risk of failure)
Confirm with . or Enter, or press ? or * to list all spells.
You erupt in a blast of force!
The mystic blast hits the howler monkey!
You kill the howler monkey!
The mystic blast hits the efreet.
The efreet is lightly wounded.
Your toxic aura wanes.
You hear a shout!
The efreet hits you with a +2 scimitar of flaming!
The efreet burns you.
As you read the scroll of teleportation, it crumbles to dust.
You feel strangely unstable. The efreet closely misses you.
Your surroundings seem slightly different.
A gnoll comes into view. It is wielding a +0 flail.
The gnoll shouts!
You hear a shout! x2
You kill the howler monkey!
A gnoll comes into view. It is wielding a +0 spear.
A gnoll shaman and a two-headed ogre come into view.
The gnoll shaman shouts!
The two-headed ogre shouts in stereo!
You hear a shout! x2
A gnoll comes into view. It is wielding a +0 halberd.
The gnoll moves out of view.
A bullfrog comes into view.
The bullfrog moves out of view.
Casting: Iskenderun's Mystic Blast (dangerous; 7% risk of failure)
Confirm with . or Enter, or press ? or * to list all spells.
You begin to radiate toxic energy.
The two-headed ogre is poisoned.
The gnoll shaman is poisoned.
The gnoll shouts!
The gnoll is poisoned. x2; The gnoll looks even sicker.
You hear a shout! x2
The efreet gestures at you. The bolt of fire hits you!!
Ouch! That really hurt!
You die...

...>.............
#........†.......
.........†.......
.#......°........
#.....(.°>.......
.......○.....#(#.
.......R...###
..........##
##.....@..#
...............
...............
.........##.g..
.........# ....
.......... ..Og
........#. .g
..#....##..


You could see a two-headed ogre (poisoned), an efreet, a gnoll shaman (poisoned)
and 2 gnolls.

Vanquished Creatures
  Menkaure (D:6)
  2 water moccasins (D:6)
  An orc warrior (D:6)
  An ice beast (D:6)
  6 ogres
  4 centaurs
  2 scorpions (D:4)
  4 howler monkeys
  A centaur zombie (D:5)
  A hound (D:6)
  3 orc priests
  3 jellies
  Jessica (D:3)
  A bullfrog skeleton (D:4)
  2 iguanas
  2 orc wizards
  Ijyb (D:3)
  Natasha (thrice) (D:2)
  A hound zombie (D:5)
  A hound skeleton (D:5)
  2 howler monkey skeletons
  7 gnolls
  5 adders
  A white imp (D:6)
  An ufetubus (D:5)
  6 worms
  3 dart slugs
  16 orcs
  10 ball pythons
  7 endoplasms
  6 giant cockroaches
  10 goblins
  5 hobgoblins
  15 jackals
  5 kobolds
  4 quokkas
  9 bats
  3 frilled lizards
  5 rats
161 creatures vanquished.

Vanquished Creatures (others)
  28 plants
28 creatures vanquished.

Grand Total: 189 creatures vanquished

Notes
Turn   | Place    | Note
-------+----------+-------------------------------------------
     0 | D:1      | hawla the Deep Elf Conjurer began the quest for the Orb.
     0 | D:1      | Reached XP level 1. HP: 10/10 MP: 6/6
   208 | D:1      | Reached XP level 2. HP: 9/15 MP: 5/8
   349 | D:1      | Learned a level 2 spell: Searing Ray
   527 | D:1      | Reached skill level 5 in Conjurations
   729 | D:1      | Reached XP level 3. HP: 19/19 MP: 6/10
  1044 | D:1      | Found a faded altar of an unknown god.
  1491 | D:2      | Reached skill level 4 in Spellcasting
  1782 | D:2      | Reached skill level 1 in Shields
  1782 | D:2      | Reached XP level 4. HP: 24/24 MP: 8/12
  1826 | D:2      | Learned a level 4 spell: Iskenderun's Mystic Blast
  1831 | D:2      | Learned a level 4 spell: Olgreb's Toxic Radiance
  2000 | D:2      | Noticed Natasha
  2009 | D:2      | Killed Natasha
  2492 | D:2      | Noticed Natasha
  2497 | D:2      | Killed Natasha
  2498 | D:2      | Reached skill level 1 in Translocations
  2498 | D:2      | Reached XP level 5. HP: 20/28 MP: 9/13
  2608 | D:2      | Noticed an ogre
  2611 | D:2      | Killed an ogre
  2612 | D:2      | Reached skill level 1 in Fighting
  2612 | D:2      | Reached skill level 5 in Spellcasting
  2612 | D:2      | Reached skill level 1 in Necromancy
  2612 | D:2      | Reached skill level 1 in Poison Magic
  2612 | D:2      | Reached skill level 1 in Evocations
  2741 | D:2      | Found Faaph's Jewellery Shoppe.
  2741 | D:2      | Noticed Natasha
  2745 | D:2      | Killed Natasha
  3254 | D:3      | Reached XP level 6. HP: 34/34 MP: 11/15
  3688 | D:3      | Noticed Jessica
  3690 | D:3      | Killed Jessica
  3945 | D:3      | Noticed Ijyb
  3950 | D:3      | Killed Ijyb
  4028 | D:3      | Found a sparkling altar of Nemelex Xobeh.
  5239 | D:4      | Reached skill level 6 in Spellcasting
  5620 | D:4      | Reached XP level 7. HP: 38/38 MP: 1/18
  6148 | D:4      | Found a sparkling altar of Nemelex Xobeh.
  6340 | D:5      | Entered Level 5 of the Dungeon
  6345 | D:5      | Reached skill level 1 in Staves
  6345 | D:5      | Reached skill level 7 in Spellcasting
  6666 | D:5      | Reached XP level 8. HP: 43/43 MP: 15/21
  6701 | D:5      | Found a staircase to the Ecumenical Temple.
  6734 | Temple   | Entered the Ecumenical Temple
  7388 | D:5      | Reached skill level 8 in Spellcasting
  8045 | D:6      | Reached skill level 9 in Spellcasting
  8570 | D:6      | Noticed Menkaure
  8575 | D:6      | Killed Menkaure
  9068 | D:6      | Reached XP level 9. HP: 22/48 MP: 16/24
  9413 | D:7      | Reached skill level 5 in Poison Magic
  9708 | D:7      | Reached skill level 10 in Spellcasting
  9861 | D:7      | You fall into a shaft and drop 3 floors!
  9861 | D:10     | Entered Level 10 of the Dungeon
  9867 | D:10     | Found Ibaqouqa's Magic Scroll Shop.
  9928 | D:9      | Noticed an efreet
  9935 | D:9      | Noticed a two-headed ogre
  9937 | D:9      | Killed from afar by an efreet

Illustrated notes

Levels and vault maps discovered:
D:1:      co_arrival_square_in_a_square_in_a_square, layout_basic,
          shapermc_ecumenical_altar_acropolis
D:2:      layout_loops_cross, serial_shops, nicolae_lakefront_shop,
          minmay_tall_x, uniq_natasha
D:3:      layout_loops_corners, mainiacjoe_overflow_chevrons, serial_glass,
          glass_columns_c, glass_columns_a, roderic_serpentine_path,
          kennysheep_pointless_box, uniq_ijyb, uniq_jessica
D:4:      layout_rooms, serial_bayou_pond_c, minmay_ruined_shrine
D:5:      layout_cave_pools, temple_pool_b, kennysheep_generic_room_11
D:6:      layout_loops_corners, eino_small_chamber_without_monster,
          uniq_menkaure
D:7:      minmay_the_grid_triangle_9x9_rhombus_thin
          [minmay_the_grid_triangle_9x9_descending_squares,
          minmay_the_grid_triangle_9x9_prize_top_heavy,
          minmay_the_grid_triangle_9x9_alien,
          minmay_the_grid_triangle_9x9_skeleton], layout_loops_ring,
          amethyst_overflow_temple_binary, uniq_maggie
D:9:      gammafunk_indiana_jones, layout_cave_pools, hiddenorc1_lemuel,
          uniq_erolcha
D:10:     layout_long_grid, grunt_temple_overflow_open, serial_shops,
          nicolae_take_the_stairs, hangedman_tell_no_tales, uniq_harold
Temple:   minmay_temple_bridge_d

Skill      XL: |  1  2  3  4  5  6  7  8  9 |
---------------+----------------------------+-----
Conjurations   | 5 6 |  6.9
Stealth        | 3 4 |  4.0
Spellcasting   | 4 5 6 7 9 10 | 10.2
Dodging        | 3 4 |  4.1
Shields        | 1 2 3 |  3.0
Translocations | 1 2 |  2.2
Fighting       | 1 |  1.7
Necromancy     | 1 |  1.0
Poison Magic   | 1 2 3 4 5 |  5.1
Evocations     | 1 |  1.0
Staves         | 1 2 |  2.2
Throwing       | |  0.1

Action                   |  1- 3 |  4- 6 |  7- 9 || total
-------------------------+-------+-------+-------++-------
Melee: Unarmed           |     1 |       |       ||     1
       Staff             |       |    30 |    28 ||    58
Throw: Throwing net      |       |     1 |       ||     1
 Cast: Magic Dart        |    36 |     7 |    16 ||    59
       Searing Ray       |    23 |    40 |    33 ||    96
       Iskenderun's Myst |       |     3 |    11 ||    14
       Olgreb's Toxic Ra |       |     5 |    15 ||    20
  Use: Potion            |       |     3 |     1 ||     4
       Scroll            |       |     6 |     7 ||    13
 Stab: Sleeping          |       |       |     1 ||     1
Armor: Robe              |     2 |     8 |    11 ||    21
       Skin              |       |     3 |     2 ||     5
Dodge: Dodged            |    12 |    29 |    42 ||    83
Block: Buckler           |       |    12 |    14 ||    26
